 Dungeon Crawl Stone Soup version 0.18.1-2-ga659475 (webtiles) character file.

597 Implojin the Insei (level 7, -6/57 HPs)
             Began as a Mummy Monk on May 8, 2016.
             Mangled by a centaur (9 damage)
             ... on level 5 of the Dungeon.
             The game lasted 00:17:25 (9287 turns).

Implojin the Insei (Mummy Monk)                     Turns: 9287, Time: 00:17:26

Health: -6/57      AC:  1    Str: 15    XL:     7   Next: 17%
Magic:  7/7        EV: 13    Int:  9    God:
Gold:   177        SH:  0    Dex: 16    Spells: 0 memorised, 6 levels left

rFire  x . .     SeeInvis .       - Unarmed
rCold  + . .     Gourm    .     (no armour)
rNeg   + + +     Faith    .     (no shield)
rPois  ∞         Spirit   .     (no helmet)
rElec  .         Dismiss  .     (no cloak)
rCorr  .         Reflect  .     d - +0 pair of gloves
SustAt .         Harm     .     (no boots)
MR     .....                    (no amulet)
Stlth  ++........               (no ring)
                                (no ring)

@: not resistant to hostile enchantments, unstealthy
A: no food or potions, fire vulnerability, cold resistance 1, negative energy
resistance 3, torment resistance, unbreathing
a: no special abilities


You were on level 5 of the Dungeon.
You were not hungry.

You visited 1 branch of the dungeon, and saw 5 of its levels.

You collected 177 gold pieces.

Inventory:

Armour
 d - a +0 pair of gloves (worn)
Wands
 b - a wand of random effects (24/48)
Scrolls
 f - a scroll of remove curse
 g - a scroll of enchant armour
Books
 a - a book of Power

   Spells                             Type                      Level
   a - Fulminant Prism                Conjuration/Hexes            4
   b - Iskenderun's Mystic Blast      Conjuration                  4
   c - Venom Bolt                     Conjuration/Poison           5
   d - Bolt of Magma                  Conjuration/Fire/Earth       5
   e - Iron Shot                      Conjuration/Earth            6
   f - Orb of Destruction             Conjuration                  7
   g - Spellforged Servitor           Conjuration/Summoning        7
Comestibles
 c - 2 bread rations (quivered)


   Skills:
 * Level 5.6 Fighting
 - Level 2.4 Dodging
 - Level 1.5 Stealth
 - Level 6.0 Unarmed Combat


You had 6 spell levels left.
You didn't know any spells.

Dungeon Overview and Level Annotations

Branches:
Dungeon (5/15)
 Temple: D:4-7

Altars:
Cheibriados
Makhleb
Okawaru
Pakellas
Ru
Vehumet

Annotations:
D:4 1 exclusion


Innate Abilities, Weirdness & Mutations

You do not eat or drink.
Your flesh is vulnerable to fire.
You are immune to poison.
Your flesh is cold resistant.
You are immune to negative energy.
You are immune to unholy pain and torment.
You can survive without breathing.


Message History

The adder bites you.
You punch the adder!
You kill the adder!
A centaur comes into view.
The centaur shouts!
The centaur wields a shortbow.
The centaur shoots an arrow.
The arrow hits you!
You see here an adder corpse.
A centaur is nearby!
You swing at nothing.
The centaur unwields an uncursed shortbow.
The centaur hits you!
* * * LOW HITPOINT WARNING * * *
The centaur hits you.
* * * LOW HITPOINT WARNING * * *
Read which item? (? for menu, Esc to quit)
Identify which item? (\ to view known items) (? for menu, Esc to quit)
As you read the scroll of identify, it crumbles to dust.
g - a scroll of enchant armour The centaur hits you.
* * * LOW HITPOINT WARNING * * *
Unknown command.
You punch the centaur!
The centaur is heavily wounded.
The centaur barely misses you.
You hit the centaur but do no damage.
The centaur is heavily wounded.
The centaur closely misses you. The centaur hits you!
* * * LOW HITPOINT WARNING * * *
You hit the centaur but do no damage.
The centaur is heavily wounded.
The centaur hits you!
* * * LOW HITPOINT WARNING * * *
Read which item? (? for menu, Esc to quit)
Okay, then.
Unknown command.
You hit the centaur.
The centaur is severely wounded.
The centaur hits you but does no damage.
The centaur hits you!
You die...

##.### .##
##.# ....
..
.#.###.).#
#.##
.#.#.....##
c..
.[.........
...
.#.####..##
#.# .#.# #
#.# .#.#
#.#####c#
...#
#.....@.###
##.#
####...†..#
#.#
#†#..#.#
#.#
#####.####
# #.###
#.....#
#...#
#.#######
###.# #.#
#.. ####.#
#.# #.#
...#.# #.#
#.#


You could see a centaur.

Vanquished Creatures
  A howler monkey (D:4)
  A giant frog zombie (D:5)
  2 hounds
  An orc priest (D:4)
  A centaur skeleton (D:4)
  2 giant frog skeletons (D:4)
  4 orc wizards
  A worker ant (D:4)
  3 gnolls (D:3)
  6 adders
  An ooze (D:4)
  An adder skeleton (D:4)
  2 worms
  2 dart slugs
  A giant gecko (D:3)
  24 orcs
  11 bats
  6 giant cockroaches
  4 goblins
  11 hobgoblins
  5 jackals
  2 quokkas (D:3)
  A ball python (D:5)
  4 giant newts
  3 kobolds (D:1)
  10 rats
110 creatures vanquished.

Notes
Turn   | Place    | Note
--------------------------------------------------------------
     0 | D:1      | Implojin the Mummy Monk began the quest for the Orb.
     0 | D:1      | Reached XP level 1. HP: 18/18 MP: 1/1
   810 | D:1      | Reached XP level 2. HP: 24/24 MP: 2/2
  1599 | D:1      | HP: 1/24 [hobgoblin/club (6)]
  2117 | D:1      | Reached skill level 4 in Unarmed Combat
  2468 | D:1      | Reached XP level 3. HP: 29/29 MP: 3/3
  2824 | D:2      | Found a radiant altar of Vehumet.
  3610 | D:3      | Found an iron altar of Okawaru.
  3736 | D:3      | Reached XP level 4. HP: 24/35 MP: 4/4
  4558 | D:3      | Found a faded altar to an unknown god.
  4996 | D:3      | Noticed a phantom
  5092 | D:3      | Reached skill level 5 in Unarmed Combat
  6160 | D:3      | Reached XP level 5. HP: 35/41 MP: 5/5
  6428 | D:4      | this is a bad idea
  6924 | D:4      | Found a snail-covered altar of Cheibriados.
  7100 | D:4      | Reached skill level 6 in Unarmed Combat
  7197 | D:4      | Reached XP level 6. HP: 15/47 MP: 6/6
  7520 | D:4      | Found a burning altar of Makhleb.
  7868 | D:4      | Reached skill level 4 in Fighting
  7950 | D:4      | Found an oddly glowing altar of Pakellas.
  8455 | D:5      | Entered Level 5 of the Dungeon
  8556 | D:4      | Reached skill level 5 in Fighting
  8558 | D:4      | Reached XP level 7. HP: 38/56 MP: 7/7
  8789 | D:5      | Found a sacrificial altar of Ru.
  9287 | D:5      | Mangled by a centaur

Skill      XL: |  1  2  3  4  5  6 |
---------------+-------------------+-----
Unarmed Combat | 4 5 6 |  6.0
Fighting       | 5 |  5.6
Dodging        | |  2.4
Stealth        | |  1.5

Action                   |  1- 3 |  4- 6 |  7- 9 || total
-------------------------+-------+-------+-------++-------
Melee: Unarmed           |   174 |   269 |    61 ||   504
       Punch             |     3 |     7 |     2 ||    12
  Use: Scroll            |       |     7 |     1 ||     8
 Stab: Sleeping          |     3 |     3 |       ||     6
       Distracted        |     1 |       |       ||     1
Armor: Skin              |       |    19 |     1 ||    20
Dodge: Dodged            |    90 |   154 |    34 ||   278

Table legend:
 A = Turns spent in this place as a percentage of turns spent in the entire game.
 B = Non-inter-level travel turns spent in this place as a percentage of non-inter-level travel turns spent in the entire game.
 C = Inter-level travel turns spent in this place as a percentage of turns spent in this place.
 D = Turns resting spent in this place as a percentage of non-inter-level travel turns spent in this place.
 E = Turns spent auto-exploring this place as a percentage of non-inter-level travel turns spent in this place.
 F = Non-inter-level travel turns spent in this place divided by the number of levels of this place that you've seen.
                   A       B       C       D       E      F
               +-------+-------+-------+-------+-------+----------------------
         Total | 100.0 | 100.0 |   0.3 |   4.5 |   4.9 | 532.0
       Dungeon | 100.0 | 100.0 |   0.3 |   4.5 |   4.9 | 532.0
               +-------+-------+-------+-------+-------+----------------------

Table legend:
 A = Kills in this place as a percentage of kills in entire the game.
 B = Kills by you in this place as a percentage of kills by you in the entire game.
 C = Kills by friends in this place as a percentage of kills by friends in the entire game.
 D = Other kills in this place as a percentage of other kills in the entire game.
 E = Experience gained in this place as a percentage of experience gained in the entire game.
 F = Experience gained in this place divided by the number of levels of this place that you have seen.
                   A       B       C       D       E      F
               +-------+-------+-------+-------+-------+----------------------
         Total | 100.0 | 100.0 |  -nan |  -nan | 100.0 | 170.8
       Dungeon | 100.0 | 100.0 |  -nan |  -nan | 100.0 | 170.8
               +-------+-------+-------+-------+-------+----------------------
